 Dungeon Crawl Stone Soup version 0.28-a0-1594-ga885d4b3d6 (webtiles) character file.

Game seed: 2803744202522507105

154 kae the Insei (level 5, -2/42 HPs)
             Began as a Draconian Transmuter on Jan 20, 2022.
             Slain by Natasha (6 damage)
             ... on level 3 of the Dungeon.
             The game lasted 00:01:36 (3920 turns).

kae the Insei (Draconian Transmuter)                Turns: 3920, Time: 00:01:36

Health: -2/42      AC:  5    Str: 12    XL:     5   Next: 13%
Magic:  17/17      EV: 12    Int: 15    God:
Gold:   100        SH:  0    Dex: 12    Spells: 5/9 levels left

rFire   . . .      SeeInvis .     - Unarmed
rCold   . . .      Faith    .   (no shield)
rNeg    . . .      Spirit   .   (armour unavailable)
rPois   .          Reflect  .   (helmet currently unavailable)
rElec   .          Harm     .   (no cloak)
rCorr   .          Rampage  .   (no gloves)
Will    .....                   (boots currently unavailable)
Stlth   +.........              (no amulet)
HPRegen 0.14/turn               b - ring of magical power
MPRegen 0.15/turn               (no ring)

@: appendages (expiring), slowed, very slow
A: horns 2, talons 2, AC +5, unfitting armour, cold-blooded
a: End Transformation


You were on level 3 of the Dungeon.
You had temporarily grown beastly horns and talons.
You visited 1 branch of the dungeon, and saw 3 of its levels.

You collected 100 gold pieces.

Inventory:

Jewellery
 b - a ring of magical power (left hand)
 e - an amulet of faith
 f - a +6 ring of strength
Scrolls
 d - a scroll of fear
 h - a scroll of enchant weapon
 i - a scroll of identify
 k - a scroll of teleportation {unknown}
 l - a scroll of blinking {unknown}
Potions
 a - 2 potions of heal wounds
 c - 3 potions of curing
 g - a potion of brilliance
 j - a potion of mutation {unknown}


   Skills:
 + Level 2.3 Fighting
 + Level 2.2 Dodging
 * Level 3.9 Unarmed Combat
 + Level 2.5 Spellcasting
 * Level 3.1 Transmutations
 * Level 1.3 Poison Magic


You had 5 spell levels left.
You knew the following spells:

 Your Spells              Type           Power      Damage    Failure   Level
a - Beastly Appendage     Tmut           22%        N/A       6%          1
b - Spider Form           Tmut/Pois      8%         N/A       26%         3

Your spell library contained the following spells:

 Spells                   Type           Power      Damage    Failure   Level
 Wereblood                Tmut           11%        N/A       9%          2
 Animate Skeleton         Necr           2%         N/A       22%         1
 Apportation              Tloc           2%         N/A       22%         1
 Summon Small Mammal      Summ           4%         N/A       22%         1
 Ice Form                 Ice/Tmut       6%         N/A       73%         4


Dungeon Overview and Level Annotations

Branches:
Dungeon (3/15)

Altars:
Yredelemnul

Annotations:
D:3 Natasha


Innate Abilities, Weirdness & Mutations

You have temporarily grown beastly horns and talons.
Your plain brown scales are hard. (AC +5)
You cannot fit into any form of body armour.
You are cold-blooded and may be slowed by cold attacks.


Message History

The crimson imp misses you.
Natasha stares at you and mumbles some strange words.
The magic dart hits you! The iron imp barely misses you.
You are too injured to fight recklessly!
You closely miss Natasha. You claw Natasha, but do no damage.
The crimson imp blinks!
Natasha casts a spell at you.
You struggle to resist.
You closely miss Natasha. Your headbutt misses Natasha. You tail-slap Natasha.
Natasha is lightly wounded.
Your transformation is almost over.
The crimson imp blinks!
The iron imp barely misses you. Natasha claws you.
You completely miss Natasha.
Natasha is lightly wounded.
Natasha barely misses you.
The iron imp hits you but does no damage.
You hit Natasha. Your kick misses Natasha.
Natasha is moderately wounded.
Natasha claws you. The iron imp misses you.
You hit Natasha. Your punch misses Natasha.
Natasha is heavily wounded.
Natasha stares at you and mumbles some strange words.
The magic dart hits you!
* * * LOW HITPOINT WARNING * * *
You closely miss Natasha.
Natasha is heavily wounded.
The iron imp hits you but does no damage.
Natasha misses you.
You hit Natasha but do no damage.
Natasha is heavily wounded.
The iron imp hits you.
* * * LOW HITPOINT WARNING * * *
The crimson imp blinks!
Natasha stares at you and mumbles some strange words.
You feel yourself slow down.
You barely miss Natasha.
Natasha is heavily wounded.
The crimson imp shouts, "Remove thy stench, thou goatish weather-bitten buzzard-bait!"
Natasha claws you.
You die...

..)))..# ##########.#
######.# #..........#
.......# #..........#
######## #.........)# .....#
#5.........# .....#
#..........# .....#
#.........## .....#
#..>.5...†#
.....#######..§h@....######
######........###.........#
# #........#####..#..#.#
######........##........#.#
.................######...##
######....###..###....###..#
#....###.##........##.##
#....##..#..######..#..#
####....##.##.##....##.##.#


You could see an iron imp (summoned), Natasha (empowered) and a crimson imp
(summoned).

Vanquished Creatures
  Natasha (twice) (D:3)
  Robin (D:3)
  An adder (D:3)
  2 worms (D:3)
  5 dart slugs
  An orc (D:3)
  9 endoplasms
  A giant cockroach (D:1)
  5 hobgoblins
  5 jackals (D:3)
  A quokka (D:1)
  6 ball pythons
  A ball python skeleton (D:3)
  4 bats
  2 frilled lizards
  12 goblins
  3 kobolds
  4 rats
65 creatures vanquished.

Notes
Turn   | Place    | Note
-------+----------+-------------------------------------------
     0 | D:1      | kae the Draconian Transmuter began the quest for the Orb.
     0 | D:1      | Reached XP level 1. HP: 16/16 MP: 3/3
   152 | D:1      | Reached XP level 2. HP: 23/23 MP: 3/5
  1544 | D:2      | Reached XP level 3. HP: 25/28 MP: 6/6
  2170 | D:3      | Learned a level 3 spell: Spider Form
  2171 | D:3      | Noticed Robin
  2201 | D:3      | Killed Robin
  2813 | D:3      | Reached XP level 4. HP: 31/36 MP: 7/7
  3195 | D:3      | Noticed Natasha
  3205 | D:3      | Killed Natasha
  3206 | D:3      | Reached skill level 1 in Poison Magic
  3395 | D:3      | Found a basalt altar of Yredelemnul.
  3622 | D:3      | Found a faded altar of an unknown god.
  3797 | D:3      | Noticed Natasha
  3813 | D:3      | Killed Natasha
  3814 | D:3      | Reached XP level 5. HP: 23/42 MP: 8/8
  3903 | D:3      | Noticed Natasha
  3920 | D:3      | Slain by Natasha

Illustrated notes

Levels and vault maps discovered:
D:1:      mrwooster_arrival_statue_2, layout_basic,
          ebering_dispersal_statue_hall, interstate_on_off
D:2:      layout_basic
D:3:      layout_basic, lemuel_crystal_altar,
          shapermc_ecumenical_altar_mp_urbaneastern,
          minmay_randomly_rotated_circles, uniq_robin, uniq_natasha

Skill      XL: |  1  2  3  4 |
---------------+-------------+-----
Dodging        | 2 |  2.2
Fighting       | 2 |  2.3
Poison Magic   | 1 |  1.3
Transmutations | 3 |  3.1
Unarmed Combat | |  3.9
Spellcasting   | |  2.5

Action                   |  1- 3 |  4- 6 || total
-------------------------+-------+-------++-------
Melee: Unarmed           |   118 |    94 ||   212
       Kick              |    18 |     8 ||    26
       Tailslap          |    12 |     8 ||    20
       Headbutt          |     6 |     1 ||     7
       Punch             |     2 |       ||     2
 Cast: Beastly Appendage |    28 |     9 ||    37
       Spider Form       |     1 |     3 ||     4
  Use: Scroll            |     7 |       ||     7
 Stab: Sleeping          |     1 |       ||     1
Armor: Skin              |    30 |    24 ||    54
Dodge: Dodged            |    75 |    75 ||   150

Table legend: (Time is in decaauts)
 A = Elapsed time spent in this place.
 B = Non-inter-level travel time spent in this place.
 C = Inter-level travel time spent in this place.
 D = Time resting spent in this place.
 E = Time spent auto-exploring this place.
 F = Levels seen in this place.
 G = Mean time per level.
                   A        B        C        D        E       F      G
               +--------+--------+--------+--------+--------+-----+--------+
         Total |   3907 |   3860 |     47 |    175 |   3196 |   3 | 1302.3 |
       Dungeon |   3907 |   3860 |     47 |    175 |   3196 |   3 | 1302.3 |
               +--------+--------+--------+--------+--------+-----+--------+

Top non-repeatable levels by time:
     D:3: 1859 daAuts
     D:1: 1251 daAuts
     D:2: 796 daAuts
